 Dungeon Crawl Stone Soup version 0.28-a0-10-g964c8b829e (webtiles) character file.

Game seed: 11032456106117261445

23 Sin92 the Skirmisher (level 2, -1/24 HPs)
             Began as a Demonspawn Fighter on July 25, 2021.
             Slain by a worm (6 damage)
             ... on level 2 of the Dungeon.
             The game lasted 00:01:25 (1644 turns).

Sin92 the Skirmisher (Demonspawn Fighter)           Turns: 1644, Time: 00:01:27

Health: -1/24      AC:  8    Str: 16    XL:     2   Next: 75%
Magic:  2/2        EV:  7    Int:  9    God:
Gold:   32         SH:  8    Dex: 12    Spells: 1/1 levels left

rFire   . . .      SeeInvis .   a - +0 war axe
rCold   . . .      Faith    .   c - +0 kite shield
rNeg    . . .      Spirit   .   b - +0 scale mail
rPois   .          Reflect  .   (no helmet)
rElec   .          Harm     .   (no cloak)
rCorr   .          Rampage  .   (no gloves)
Will    .....                   (no boots)
Stlth   ..........              (no amulet)
HPRegen 0.08/turn               (no ring)
MPRegen 0.08/turn               (no ring)

@: no status effects
A: thin metallic scales 1
a: no special abilities


You were on level 2 of the Dungeon.
You visited 1 branch of the dungeon, and saw 2 of its levels.

You collected 51 gold pieces.
You spent 19 gold pieces at shops.

Inventory:

Hand Weapons
 a - a +0 war axe (weapon)
Armour
 b - a +0 scale mail (worn)
 c - a +0 kite shield (worn)
Jewellery
 i - a ring of ice
Scrolls
 e - a scroll of blinking
 h - a scroll of teleportation
 j - a scroll of identify
 k - a scroll of noise {unknown}
Potions
 d - a potion of might
 f - 2 potions of brilliance
 g - a potion of lignification


   Skills:
 + Level 3.2 Fighting
 * Level 2.2 Axes
 + Level 2.8 Armour
 + Level 0.4 Dodging
 + Level 2.9 Shields


You had one spell level left.
You didn't know any spells.
Your spell library was empty.

Dungeon Overview and Level Annotations

Branches:
Dungeon (2/15)

Altars:

Shops:
D:1 *


Innate Abilities, Weirdness & Mutations

You are partially covered in thin metallic scales. (AC +2)


Message History

The endoplasm quivers.
The worm bites you!
Unknown command.
There are monsters nearby!
You are too injured to fight recklessly!
Unknown command.
There are monsters nearby!
You are too injured to fight recklessly!
Unknown command.
There are monsters nearby!
You are too injured to fight recklessly!
Unknown command.
There are monsters nearby!
You are too injured to fight recklessly!
Unknown command.
There are monsters nearby!
Unknown command.
Unknown command.
You slash the worm!
The worm is heavily wounded.
The worm closely misses you.
You barely miss the worm.
The worm is heavily wounded.
The worm closely misses you.
You barely miss the worm.
The worm is heavily wounded.
You hit the endoplasm. The endoplasm freezes you.
You are frozen.
* * * LOW HITPOINT WARNING * * *
The worm closely misses you.
The endoplasm hits you but does no damage.
You slash the worm!
The worm is severely wounded.
You completely miss the endoplasm. The endoplasm freezes you.
You are frozen.
* * * LOW HITPOINT WARNING * * *
The worm bites you.
You die...

..) .# #. ##...
..##. ####....#
.....## ##........
....## ####.....$...
#...###............
#..#...###.?......
#....####.J.######
#...## #@###
####...# #w#
####....#.#####.#
.................
##..###.##.##..## #.
#. #.#
.##.###########... #
#.##........<.......
#..#######..###....#
##.## ##...#.####


You could see a worm and an endoplasm.

Vanquished Creatures
  A dart slug (D:1)
  4 endoplasms (D:1)
  A goblin (D:1)
  A hobgoblin (D:1)
  2 quokkas
  A ball python (D:1)
  A bat (D:1)
  A frilled lizard (D:2)
  7 kobolds
  A rat (D:1)
20 creatures vanquished.

Notes
Turn   | Place    | Note
-------+----------+-------------------------------------------
     0 | D:1      | Sin92 the Demonspawn Fighter began the quest for the Orb.
     0 | D:1      | Reached XP level 1. HP: 18/18 MP: 1/1
   467 | D:1      | Gained mutation: You are partially covered in thin metallic
                  | scales. (AC +2) [demonic ancestry]
   467 | D:1      | Reached XP level 2. HP: 24/24 MP: 2/2
   662 | D:1      | Found Hufrut's Assorted Antiques.
   665 | D:1      | Bought a scroll labelled TEWOEC BARRAIZOQE for 19 gold
                  | pieces
  1644 | D:2      | Slain by a worm

Illustrated notes

Levels and vault maps discovered:
D:1:      minmay_arrival_wavy_path, layout_loops_corners, serial_shops,
          nicolae_shop_behind_doors, minmay_distorted
D:2:      layout_rooms, basic_altar

Skill      XL: |  1 |
---------------+----+-----
Axes           | 2 |  2.2
Fighting       | |  3.2
Armour         | |  2.8
Dodging        | |  0.4
Shields        | |  2.9

Action                   || total
-------------------------++-------
Melee: War axe           ||    55
  Use: Scroll            ||     5
Armor: Scale mail        ||    20
Dodge: Dodged            ||    20
Block: Kite shield       ||    28

Table legend: (Time is in decaauts)
 A = Elapsed time spent in this place.
 B = Non-inter-level travel time spent in this place.
 C = Inter-level travel time spent in this place.
 D = Time resting spent in this place.
 E = Time spent auto-exploring this place.
 F = Levels seen in this place.
 G = Mean time per level.
                   A        B        C        D        E       F      G
               +--------+--------+--------+--------+--------+-----+--------+
         Total |   1678 |   1662 |     16 |    218 |   1287 |   2 |  839.0 |
       Dungeon |   1678 |   1662 |     16 |    218 |   1287 |   2 |  839.0 |
               +--------+--------+--------+--------+--------+-----+--------+

Top non-repeatable levels by time:
     D:1: 1514 daAuts
     D:2: 163 daAuts
